 Dungeon Crawl Stone Soup version 0.29.1-13-g9f3cf754e1 (webtiles) character file.

Game seed: 9911094760137928430

228 croobank the Conjurer (level 5, 0/41 HPs)
             Began as a Demigod Conjurer on Jan 24, 2023.
             Slain by an orc
             ... wielding a +0 trident
              (8 damage)
             ... on level 4 of the Dungeon.
             The game lasted 00:08:02 (4215 turns).

croobank the Conjurer (Demigod Conjurer)            Turns: 4215, Time: 00:08:03

Health: 0/41       AC:  5    Str:  8    XL:     5   Next: 42%
Magic:  6/11       EV: 12    Int: 24    God:
Gold:   130        SH:  0    Dex: 12    Spells: 3/9 levels left

rFire   . . .      SeeInvis .   j - +0 hand axe
rCold   . . .      Faith    .   (no shield)
rNeg    . . .      Spirit   .   a - +0 robe
rPois   .          Reflect  .   (no helmet)
rElec   .          Harm     .   (no cloak)
rCorr   .          Rampage  .   (no gloves)
Will    .....                   r - +2 pair of boots
Stlth   ++........              (no amulet)
HPRegen 0.13/turn               (no ring)
MPRegen 0.12/turn               (no ring)

@: about to teleport, on berserk cooldown, slowed, very slow
A: high MP 1, forlorn, divine attributes
a: no special abilities


You were on level 4 of the Dungeon.
You visited 1 branch of the dungeon, and saw 4 of its levels.

You collected 130 gold pieces.

Inventory:

Hand Weapons
 i - a +0 sling
 j - a +0 hand axe (weapon)
 n - a +0 dagger
 o - a +0 rapier
 u - a +0 war axe
Missiles
 c - 4 javelins
 d - 6 boomerangs of dispersal
 p - 8 poisoned darts
Armour
 a - a +0 robe (worn)
 r - a +2 pair of boots (worn)
Scrolls
 b - 3 scrolls of enchant armour
 f - a scroll of teleportation
 t - a scroll of blinking {unknown}
Potions
 e - a potion of berserk rage
 g - a potion of curing
 h - 2 potions of lignification {unknown}
 k - a potion of brilliance {unknown}
 l - a potion of mutation {unknown}
 m - a potion of degeneration {unknown}
 q - 5 potions of haste {unknown}


   Skills:
 * Level 1.9 Fighting
 + Level 2.6 Dodging
 + Level 2.9 Stealth
 + Level 2.6 Spellcasting
 + Level 4.2 Conjurations
 + Level 1.3 Hexes


You had 3 spell levels left.
You knew the following spells:

 Your Spells              Type           Power      Damage    Failure   Level
a - Magic Dart            Conj           92%        1d7       1%          1
b - Searing Ray           Conj           46%        2d6       3%          2
c - Dazzling Flash        Conj/Hex       32%        N/A       11%         3

Your spell library contained the following spells:

 Spells                   Type           Power      Damage    Failure   Level
 Foxfire                  Conj/Fire      52%        2x1d6     4%          1
 Conjure Flame            Conj/Fire      13%        6-21      14%         3
 Inner Flame              Hex/Fire       6%         N/A       26%         3
 Gell's Gravitas          Tloc           3%         N/A       32%         3
 Lesser Beckoning         Tloc           3%         N/A       32%         3
 Teleport Other           Tloc           3%         N/A       32%         3
 Fulminant Prism          Conj/Hex       8%         3d7       34%         4
 Flame Wave               Conj/Fire      13%        2d6       43%         4
 Iskenderun's Mystic Bla  Conj/Tloc      13%        2d5       43%         4
 Chain Lightning          Conj/Air       6%         3d8       100%        9
 Fire Storm               Conj/Fire      6%         8d2       100%        9
 Shatter                  Erth           1%         3d6*      100%        9


Dungeon Overview and Level Annotations

Branches:
Dungeon (4/15)
 Temple: D:4-7


Innate Abilities, Weirdness & Mutations

You have an increased reservoir of magic. (+10% MP)
You shall have no god before yourself.
Your divine heritage dramatically boosts your attributes as you level up.


Message History

An orc comes into view. It is wielding a +0 dagger.
The iguana closely misses you.
You hit the iguana.
The iguana is severely wounded.
You hit the jackal.
You kill the jackal!
You catch the helpless jackal completely off-guard!
You slash the jackal!
You kill the jackal!
The iguana misses you.
You barely miss the iguana.
The iguana is severely wounded.
You slash the worm! You slash the iguana!
You kill the iguana!
You hit the worm. The worm barely misses you.
You hit the worm.
The worm is almost dead.
The worm bites you.
* * * LOW HITPOINT WARNING * * *
You barely miss the worm.
The worm is almost dead.
An orc comes into view. It is wielding a +0 trident.
You feel a strong urge to attack something.
You are no longer berserk.
You are exhausted.
You feel yourself slow down. The orc hits you but does no damage.
The orc hits you from afar with a +0 trident.
* * * LOW HITPOINT WARNING * * *
You feel better.
The orc hits you from afar with a +0 trident.
* * * LOW HITPOINT WARNING * * *
The orc hits you from afar with a +0 trident.
* * * LOW HITPOINT WARNING * * *
The orc barely misses you.
As you read the scroll of teleportation, it crumbles to dust.
You feel strangely unstable.
The orc hits you from afar with a +0 trident!
You die...

#.# #....###* ###.#
##########.####,*~ #...##
#.....)....# *,,~
#....####.........## *~~~
#...........).....####*~~~
#...####.....o...)...#**,,
#...#####..ow..###...#**,*
#..........o##.# #...#*,**
#........@..##.#*#...#***,
#........#####..,#...# *,,
#........* ###.....# **,
#........* *#....# **
*,.......* ****....# *
*,.......* *,,.....#****
**#######* *,,,,,..,,,,,
*,,,,,,,,,,,,
*,,,,,,,,,,,,


You could see a worm and 3 orcs.

Vanquished Creatures
  Blork the orc (D:4)
  An iguana (D:4)
  4 adders (D:3)
  An ufetubus (D:2)
  3 worms (D:2)
  A dart slug (D:2)
  6 orcs
  8 ball pythons
  4 bats
  5 endoplasms
  2 giant cockroaches
  3 hobgoblins
  21 jackals
  4 kobolds
  6 quokkas
  A frilled lizard (D:1)
  2 rats
73 creatures vanquished.

Vanquished Creatures (others)
  A fungus (D:1)
  8 plants
9 creatures vanquished.

Grand Total: 82 creatures vanquished

Notes
Turn   | Place    | Note
-------+----------+-------------------------------------------
     0 | D:1      | croobank the Demigod Conjurer began the quest for the Orb.
     0 | D:1      | Reached XP level 1. HP: 14/14 MP: 5/5
   473 | D:1      | Reached XP level 2. HP: 19/20 MP: 2/7
   476 | D:1      | Learned a level 2 spell: Searing Ray
  1580 | D:1      | Reached XP level 3. HP: 23/26 MP: 8/8
  1584 | D:1      | Learned a level 3 spell: Dazzling Flash
  2737 | D:3      | Reached skill level 4 in Conjurations
  2738 | D:3      | Reached XP level 4. HP: 34/34 MP: 3/10
  2861 | D:3      | Reached skill level 1 in Fighting
  3321 | D:3      | Reached skill level 1 in Hexes
  4028 | D:4      | Noticed Blork the orc
  4054 | D:4      | Killed Blork the orc
  4055 | D:4      | Reached XP level 5. HP: 40/41 MP: 0/11
  4207 | D:4      | HP: 1/41 [orc/+0 trident (5)]
  4215 | D:4      | Slain by an orc

Illustrated notes

Levels and vault maps discovered:
D:1:      dpeg_arrival_shelter, layout_loops_ring,
          shapermc_ecumenical_altar_petra
D:2:      layout_rooms
D:3:      layout_basic
D:4:      wad_lake_hut, layout_basic, uniq_blork_the_orc

Skill      XL: |  1  2  3  4 |
---------------+-------------+-----
Stealth        | 2 |  2.9
Dodging        | 2 |  2.6
Spellcasting   | 2 |  2.6
Conjurations   | 4 |  4.2
Fighting       | 1 |  1.9
Hexes          | 1 |  1.3

Action                   |  1- 3 |  4- 6 || total
-------------------------+-------+-------++-------
Melee: Unarmed           |     3 |       ||     3
       Hand axe          |    15 |    39 ||    54
       Punch             |     1 |       ||     1
 Cast: Magic Dart        |    50 |     7 ||    57
       Searing Ray       |    18 |    11 ||    29
       Dazzling Flash    |       |     4 ||     4
  Use: Potion            |     1 |     2 ||     3
       Scroll            |     5 |     4 ||     9
 Stab: Sleeping          |     2 |     2 ||     4
       Invisible         |       |     3 ||     3
Armor: Robe              |     7 |    18 ||    25
Dodge: Dodged            |    25 |    57 ||    82
